 Dungeon Crawl Stone Soup version 0.32-a0-361-g289a535e89 (webtiles) character file.

Game seed: 9358468168501899693

1445126 AutarchDCSS the Conqueror (level 24, 224/224 HPs)
             Began as a Minotaur Fighter on Feb 18, 2024.
             Was the Champion of Ru.
             Escaped with the Orb
             ... and 3 runes
             ... and 1 gem (0 intact)!
             The game lasted 03:43:25 (111825 turns).

AutarchDCSS the Conqueror (Minotaur Fighter)      Turns: 111825, Time: 03:43:26

Health: 224/224    AC: 41    Str: 28    XL:     24   Next: 96%
Magic:  22/22      EV:  3    Int:  5    God:    Ru [******]
Gold:   3063       SH: 31    Dex: 13    Spells: 23/23 levels left

rFire   + . .        N - +8 demon trident "Rift" {distort, reach+}
rCold   + + +        w - +8 tower shield {rC+}
rNeg    . . .        Q - +4 gold dragon scales
rPois   +            u - +2 hat
rElec   +            f - +0 cloak {Will+}
rCorr   +            m - +1 pair of gloves
SInv    +            c - +1 pair of boots
Will    ++++.        j - dreamshard necklace {Acrobat *Dream} Stlth
                     R - ring "Riwepuor" {+Blink rElec rCorr SInv}
HPRegen 1.37/turn    b - ring of the Greedy {rPois rC+ Will+ Dex+4}
MPRegen 0.18/turn

%: acrobat
@: hasted, studying Armour, very quick
A: horns 2, clumsy 1, dopey 1, no stealth, inability to train dodging, no
conjurations magic, no fire magic, no hexes magic, reduced EV 1, inexperienced
1, retaliatory headbutt, no forms, cold resistance 1, deterioration 1, frail 1,
strong-willed 1, regeneration 1, screaming 1, weak 1
0: Orb of Zot
}: 3/15 runes: barnacled, slimy, gossamer
a: Renounce Religion, Evoke Blink, Draw Out Power, Power Leap, Apocalypse


You escaped.
You worshipped Ru.
Ru was exalted by your worship.
You visited 11 branches of the dungeon, and saw 52 of its levels.
You visited 1 ziggurat, and saw 3 of its levels.
You also visited: Gauntlet and Ice Cave.

You collected 8447 gold pieces.
You spent 5384 gold pieces at shops.

Inventory:

Hand Weapons
 N - the +8 demon trident "Rift" (weapon) {distort, reach+}
   (You found it on level 5 of the Pits of Slime)
Missiles
 g - 13 silver javelins
 p - 15 javelins (quivered)
 L - 57 boomerangs
 T - 6 throwing nets
Armour
 c - a +1 pair of boots (worn)
 f - a +0 cloak of willpower (worn)
 m - a +1 pair of gloves (worn)
 u - a +2 hat (worn)
 w - a +8 tower shield of cold resistance (worn)
 Q - +4 gold dragon scales (worn)
Jewellery
 b - the ring of the Greedy (right hand) {rPois rC+ Will+ Dex+4}
   (You took it off a deep elf sorcerer on level 3 of the Elven Halls)

   [ring of poison resistance]

   Dex+4:     It affects your dexterity (+4).
   rC+:       It protects you from cold.
   rPois:     It protects you from poison Will+: It increases your willpower.
 d - an amulet of regeneration
 j - the dreamshard necklace (around neck) {Acrobat *Dream}
   (You took it off a deep elf sorcerer on level 3 of the Elven Halls)

   [amulet of the acrobat]

   *Dream:    It absorbs a single lethal wound into itself, holding its wearer
   just short of death and releasing dream-creatures to guard them.
   Acrobat:   It increases your evasion while moving and waiting.
 x - the ring "Foireces" {Fly MP+9 Int+2}
   (You found it on level 5 of the Pits of Slime)

   [ring of magical power]

   Int+2:     It affects your intelligence (+2).
   MP+9:      It affects your magic capacity (+9).
   Fly:       It grants you flight.
 B - a ring of willpower
 E - a ring of see invisible
 O - the ring of Brawling {rC+ rN+ Dex+2}
   (You found it in an ice cave)

   [ring of protection from cold]

   Dex+2:     It affects your dexterity (+2).
   rC+:       It protects you from cold.
   rN+:       It protects you from negative energy.
 P - the amulet of Wulepeq {Acrobat rElec rF+ Int+2}
   (You bought it in a shop on level 2 of the Orcish Mines)

   [amulet of the acrobat]

   Acrobat:   It increases your evasion while moving and waiting.
   Int+2:     It affects your intelligence (+2).
   rF+:       It protects you from fire.
   rElec:     It insulates you from electricity.
 R - the ring "Riwepuor" (left hand) {+Blink rElec rCorr SInv}
   (You found it on level 5 of the Pits of Slime)

   [ring of see invisible]

   rElec:     It insulates you from electricity.
   SInv:      It lets you see invisible.
   +Blink:    It lets you blink.
   rCorr:     It protects you from acid and corrosion.
 V - a +5 ring of evasion
Wands
 a - a wand of mindburst (30)
 o - a wand of digging (6)
 s - a wand of polymorph (21)
 G - a wand of quicksilver (18)
 K - a wand of iceblast (61)
 U - a wand of charming (37)
Scrolls
 k - 6 scrolls of enchant weapon
 y - 21 scrolls of teleportation
 C - 5 scrolls of blinking
 F - 9 scrolls of poison
 I - 9 scrolls of immolation
 M - 4 scrolls of fear
 S - 5 scrolls of silence
 X - 12 scrolls of fog
 Z - 6 scrolls of butterflies
Potions
 e - 2 potions of resistance
 h - 7 potions of mutation
 i - 5 potions of might
 l - 17 potions of curing
 n - 10 potions of enlightenment
 q - 5 potions of invisibility
 r - 3 potions of heal wounds
 t - 4 potions of magic
 z - 10 potions of ambrosia
 W - 2 potions of cancellation
 Y - 6 potions of haste
Miscellaneous
 v - a lightning rod (4/4)
 A - a phantom mirror
 D - a phial of floods
 J - a sack of spiders


   Skills:
 O Level 27 Fighting
 - Level 14.7(22.5) Axes
 O Level 27 Polearms
 - Level 15.0 Throwing
 O Level 27 Armour
 + Level 25.1 Shields
 - Level 10.0 Evocations


You had 23 spell levels left.
You didn't know any spells.
Your spell library contained the following spells:

 Spells                   Type           Power      Damage    Failure   Level
 Apportation              Tloc           0%         N/A       98%         1
 Freeze                   Ice            0%         1d3       98%         1
 Necrotise                Necr           0%         1d4       98%         1
 Summon Small Mammal      Summ           0%         N/A       98%         1
 Cigotuvi's Dreadful Rot  Necr/Alch/Air  0%         N/A       99%         2
 Mercury Vapours          Alch/Air       0%         N/A       99%         2
 Sublimation of Blood     Necr           0%         N/A       99%         2
 Call Canine Familiar     Summ           0%         N/A       100%        3
 Frozen Ramparts          Ice            0%         1d1       100%        3
 Fugue of the Fallen      Necr           0%         N/A       100%        3
 Ozocubu's Armour         Ice            0%         N/A       100%        3
 Summon Ice Beast         Ice/Summ       0%         N/A       100%        3
 Airstrike                Air            0%         2d(0-16)  100%        4
 Animate Armour           Summ/Erth      0%         N/A       100%        4
 Animate Dead             Necr           0%         N/A       100%        4
 Manifold Assault         Tloc           0%         N/A       100%        4
 Olgreb's Toxic Radiance  Alch           0%         N/A       100%        4
 Passage of Golubria      Tloc           0%         N/A       100%        4
 Petrify                  Alch/Erth      0%         N/A       100%        4
 Summon Lightning Spire   Summ/Air       0%         N/A       100%        4
 Vhi's Electric Charge    Tloc/Air       0%         N/A       100%        4
 Alistair's Intoxication  Alch           0%         N/A       100%        5
 Borgnjor's Vile Clutch   Necr/Erth      0%         N/A       100%        5
 Lee's Rapid Deconstruct  Erth           0%         3d4*      100%        5
 Death Channel            Necr           0%         N/A       100%        6
 Dispersal                Tloc           0%         N/A       100%        6
 Eringya's Noxious Bog    Alch           0%         4d6       100%        6
 Sculpt Simulacrum        Ice/Alch       0%         N/A       100%        6
 Summon Cactus Giant      Summ           0%         N/A       100%        6
 Monstrous Menagerie      Summ           0%         N/A       100%        7
 Ozocubu's Refrigeration  Ice            0%         4d7       100%        7
 Disjunction              Tloc           0%         N/A       100%        8
 Maxwell's Capacitive Co  Air            0%         ∞         100%        8
 Death's Door             Necr           0%         N/A       100%        9
 Dragon's Call            Summ           0%         N/A       100%        9
 Magic Dart               Conj           Unusable   1d3       N/A         1
 Sting                    Conj/Alch      Unusable   1d3       N/A         1
 Ensorcelled Hibernation  Hex/Ice        Unusable   N/A       N/A         2
 Jinxbite                 Hex            Unusable   N/A       N/A         2
 Scorch                   Fire           Unusable   2d5       N/A         2
 Static Discharge         Conj/Air       Unusable   3-3/arc   N/A         2
 Dazzling Flash           Conj/Hex       Unusable   N/A       N/A         3
 Hailstorm                Conj/Ice       Unusable   3d5       N/A         3
 Stone Arrow              Conj/Erth      Unusable   3d7       N/A         3
 Tukima's Dance           Hex            Unusable   N/A       N/A         3
 Volatile Blastmotes      Fire/Tloc      Unusable   2d10      N/A         3
 Anguish                  Hex/Necr       Unusable   N/A       N/A         4
 Brom's Barrelling Bould  Conj/Erth      Unusable   2d3       N/A         4
 Cause Fear               Hex            Unusable   N/A       N/A         4
 Flame Wave               Conj/Fire      Unusable   2d4       N/A         4
 Ignite Poison            Fire/Alch      Unusable   N/A       N/A         4
 Arcjolt                  Conj/Air       Unusable   1d10      N/A         5
 Fireball                 Conj/Fire      Unusable   3d3       N/A         5
 Irradiate                Conj/Alch      Unusable   3d11      N/A         5
 Iskenderun's Battlesphe  Conj           Unusable   2d6       N/A         5
 Summon Mana Viper        Hex/Summ       Unusable   N/A       N/A         5
 Yara's Violent Unravell  Hex/Alch       Unusable   3d3       N/A         5
 Conjure Ball Lightning   Conj/Air       Unusable   3x3d6     N/A         6
 Plasma Beam              Fire/Air       Unusable   2x1d10    N/A         6
 Starburst                Conj/Fire      Unusable   6d3       N/A         6
 Orb of Destruction       Conj           Unusable   9d5       N/A         7
 Lehudib's Crystal Spear  Conj/Erth      Unusable   10d2      N/A         8
 Fire Storm               Conj/Fire      Unusable   5d1       N/A         9

Dungeon Overview and Level Annotations

Branches:
Dungeon (15/15)            Temple (1/1) D:6            Lair (5/5) D:8
 Shoals (4/4) Lair:2       Spider (4/4) Lair:3        Slime (5/5) Lair:5
    Orc (2/2) D:12            Elf (3/3) Orc:2        Vaults (4/5) D:14
  Crypt (0/3) Vaults:2     Depths (4/4) D:15            Zot (5/5) Depths:4
  IceCv (visited)         Gauntlet (visited)

Altars:
Ashenzari
Cheibriados
Dithmenos
Elyvilon
Fedhas
Gozag
Hepliaklqana
Kikubaaqudgha
Makhleb
Nemelex Xobeh
Okawaru
Qazlal
Ru
Sif Muna
Trog
Uskayaw
Vehumet
Wu Jian
Xom
Yredelemnul
Zin
The Shining One
Beogh
Jiyva
Lugonu

Shops:
D:2 *:!:   D:12 [   Orc:2 =*(?   Elf:1 ??   Elf:2 :   Shoals:3 :   Vaults:1 !
Depths:1 (

Portals:
Hell: Depths:1 Depths:2 Depths:3 Depths:4
Abyss: Depths:2 Depths:3 Depths:4
Pandemonium: Depths:1 Depths:2 Depths:3

Annotations:
Spider:1 2 transporters, Movesim's ghost, adept DjAE
Elf:1 2 transporters, Biggs's ghost, journeyman FeSh
Elf:2 3 runed translucent doors, Umpaher's ghost, adept DsGl
Depths:4 1 runed translucent door, GoblinFriend's ghost, veteran TeRe
Zot:3 4 transporters, 1 runed translucent door, Civybe Ogenn's ghost, legendary DsFi


Innate Abilities, Weirdness & Mutations

You have a pair of horns on your head.
You are clumsy. (Dex -2)
You are dopey. (Int -2)
You cannot be stealthy.
You cannot train Dodging skill.
You cannot study or cast Conjurations magic.
You cannot study or cast Fire magic.
You cannot study or cast Hexes magic.
You have somewhat slow reflexes. (EV -5)
You are somewhat inexperienced. (-1 XL)
You reflexively headbutt those who attack you in melee.
You cannot voluntarily change form.
Your flesh is cold resistant. (rC+)
Your body sometimes deteriorates upon taking damage.
You are frail. (-10% HP)
You are strong-willed. (Will+)
Your natural rate of healing is unusually fast.
You occasionally shout uncontrollably at your foes.
You are weak. (Str -2)


Message History

There is an open door here.
Things that are here:
a +0 leather armour; a +0 falchion
There is a stone staircase leading up here.
You climb upwards.
There is a stone staircase leading down here.
There is a stone staircase leading up here.
You climb upwards.
There is a stone staircase leading down here.
There is an open door here.
There is an open door here.
You see here a +0 spear.
Things that are here:
a +0 whip; an orc skeleton
There is a stone staircase leading up here.
You climb upwards.
There is a stone staircase leading down here.
There is a stone staircase leading up here.
You climb upwards.
There is a stone staircase leading down here.
Aiming: Dig
Press: ? - help, Shift-Dir - straight line A rock wall.
This square is covered in magical glow.
The rock shatters into small pieces.
A neqoxec comes into view.
The neqoxec moves out of view.
You spit the neqoxec like a pig!!!
You kill the neqoxec!
No target in view!
No target in view!
Aiming: Dig
Press: ? - help, Shift-Dir - straight line You can't see that place.
The rock shatters into small pieces.
You feel yourself speed up.
You see here a bat skeleton.
There is an open door here.
There is a staircase leading out of the dungeon here.
You have escaped!

.....##
♣.......P.P..#..#
#.##.#
♣#..#..P...P.#..#
#.##.#
#..#.P.P.P..#..#
#....#
#..#ß...P.P.#..#
####.#
#.÷#...P....#..#
.....#
#..#..P.P.P.#..#
####.#
#'##...ß....##'#
####.#
##..##########..##
.....#
#@...#......#....#
######
#....'......#....#
##..##########.[##
#### ####


There were no monsters in sight!

Vanquished Creatures
  the Royal Jelly (Slime:5)
  Dissolution (Slime:1)
  Frederick (Depths:4)
  2 dread liches (Zot:5)
  4 orbs of fire (Zot:5)
  2 ancient liches
  Josephina (Depths:4)
  Boris (thrice) (Vaults:3 Depths:2 Zot:1)
  2 Killer Klowns (Zot:5)
  2 caustic shrikes (Depths:3)
  3 curse toes (Zot:2)
  Nikola (Shoals:2)
  Norris (Vaults:3)
  7 golden dragons
  Jory (Vaults:4)
  3 electric golems
  Zenata (Vaults:3)
  11 tentacled monstrosities
  Jorgrun (Spider:1)
  Mlioglotl (Shoals:3)
  3 deep elf blademasters (Elf:2)
  2 liches
  14 acid blobs
  2 titans
  An Executioner (D:7)
  Asterion (Vaults:2)
  17 Orb Guardians (Zot:5)
  5 quicksilver dragons
  A walking divine tome (Depths:3)
  Polyphemus (Shoals:2)
  A deep elf master archer (Elf:3)
  9 sphinxes
  A kraken (Shoals:3)
  4 death cobs
  Agnes (Elf:2)
  8 storm dragons
  3 shadow dragons
  13 rockslimes
  Aizul (Spider:2)
  Donald (Shoals:2)
  Ilsuiw (Shoals:3)
  7 azure jellies (Slime:5)
  6 protean progenitors
  6 draconian monks
  A nargun (Zig:2)
  11 vault wardens
  6 draconian knights
  4 ghost moths
  An iron dragon (Depths:2)
  12 fire giants
  4 draconian scorchers
  9 deep elf sorcerers
  Louise (Shoals:2)
  4 draconian shifters
  5 frost giants
  2 deep elf elementalists (Elf:3)
  A balrug (Depths:2)
  3 emperor scorpions (Spider:4)
  7 draconian annihilators
  4 orc warlords
  13 formless jellyfish
  5 draconian stormcallers
  A ghoul (Zot:4)
  2 reapers
  8 stone giants
  2 caustic shrike skeletons
  2 broodmothers
  6 very ugly things
  3 spriggan defenders (Depths:2)
  7 quicksilver oozes (Slime:5)
  11 ironbound preservers
  6 vampire knights
  8 ironbound thunderhulks
  2 deep elf demonologists
  9 black draconians
  12 green draconians
  11 dire elephants
  2 yellow draconians
  11 deep elf annihilators
  7 red draconians
  11 white draconians
  5 deep elf death magi
  9 spark wasps
  A minotaur (Gauntlet)
  9 purple draconians
  A quicksilver dragon zombie (Depths:4)
  13 ettins
  2 green deaths
  6 merfolk javelineers
  Snorg (Lair:4)
  12 merfolk impalers
  10 fire dragons
  10 deep elf high priests
  4 entropy weavers
  5 vault guards
  6 great orbs of eyes
  8 yaktaur captains
  Erolcha (Orc:2)
  10 ice dragons
  10 hydras
  3 ogre magi (Orc:2)
  4 jorogumos
  5 rakshasas
  2 juggernaut simulacra (Depths:3)
  6 boulder beetles
  A hell beast (Depths:2)
  4 merfolk avatars
  22 two-headed ogres
  3 spriggan air magi
  14 ironbound frosthearts
  2 anacondas (Lair:2)
  Erica (D:8)
  11 centaur warriors
  3 catoblepae
  5 merfolk aquamancers
  30 dancing weapons
  An alligator (Lair:2)
  3 alligator snapping turtles
  2 radroaches (Spider:1)
  6 tengu warriors
  A titan zombie (Depths:4)
  11 death yaks
  4 deep troll shamans (Depths:2)
  A death scarab (Spider:4)
  3 satyrs
  3 deep troll earth magi
  7 demonic crawlers
  2 vampire magi (Vaults:2)
  3 soul eaters (Depths:4)
  A shock serpent (Zig:1)
  A hell hog (Lair:5)
  An orc high priest (Vaults:1)
  16 deep elf knights
  A spriggan berserker (Depths:2)
  2 storm dragon zombies
  An occultist (Depths:2)
  9 skysharks
  3 sun demons
  6 pharaoh ants
  Nergalle (Lair:3)
  6 hell knights (Depths:2)
  10 iron trolls
  A spark wasp zombie (D:15)
  A sixfirhy (Depths:3)
  A death drake (Depths:4)
  A golden dragon skeleton (Depths:4)
  A sea snake (shapeshifter) (Depths:1)
  14 skeletal warriors
  3 sun moths
  14 ironbound convokers
  23 sea snakes
  3 glowing orange brains
  A shadow demon (Depths:1)
  5 flayed ghosts
  2 obsidian statues (Zig:3)
  11 orb spiders
  9 harpies
  43 deep trolls
  9 deep elf archers
  Pikel (D:8)
  10 large abominations
  13 orc knights
  10 arcanists
  25 deep elf zephyrmancers
  9 steelbarb worms
  10 necromancers
  An orange crystal statue (Zig:3)
  A lindwurm (shapeshifter) (Elf:2)
  A harpy (shapeshifter) (D:14)
  39 ugly things
  5 phantasmal warriors
  15 wolf spiders
  4 lindwurms
  3 shining eyes (Slime:1)
  20 deep elf pyromancers
  2 orc sorcerers (Vaults:1)
  17 moths of wrath
  3 elephants
  6 cyclopes
  15 fauns
  Maurice (D:8)
  2 meliai (shapeshifter)
  15 manticores
  2 kobold blastminers (Orc:2)
  3 ice statues
  9 black mambas
  10 merfolk sirens
  59 slime creatures
  A rust devil (Depths:3)
  A naga mage (Zig:1)
  Joseph (D:8)
  3 eyes of devastation
  A stone giant skeleton (Vaults:4)
  4 gargoyles (D:12)
  6 water nymphs
  6 torpor snails
  11 vault sentinels
  8 apocalypse crabs (Zot:2)
  Maggie (D:8)
  19 cane toads
  A cane toad (shapeshifter) (Elf:2)
  2 unseen horrors
  9 rime drakes
  3 kobold demonologists
  4 efreet
  17 yaktaurs
  2 tormentors
  3 freezing wraiths
  15 komodo dragons
  A golden dragon simulacrum (Depths:4)
  3 tengu conjurers
  8 wind drakes
  36 merfolk
  12 polar bears
  10 trolls
  5 raiju (Lair:5)
  A wolf spider simulacrum (D:15)
  22 tarantellas
  2 glass eyes
  3 hornets
  A tyrant leech (Gauntlet)
  A raiju (shapeshifter) (D:14)
  24 blink frogs
  12 snapping turtles
  14 dream sheep
  5 shadows
  22 jumping spiders
  2 ynoxinuls
  19 water elementals
  26 culicivoras
  2 spriggans (Depths:2)
  7 wyverns
  3 air elementals
  32 yaks
  8 basilisks
  10 wraiths
  2 vampires
  A hog (shapeshifter) (D:15)
  5 hogs (D:15)
  An elf simulacrum (Vaults:4)
  6 golden eyes
  3 chaos spawn (Depths:4)
  4 fire elementals
  An elf skeleton (Vaults:4)
  41 redbacks
  5 death yak simulacra (D:15)
  2 steam dragons (Lair:2)
  8 wargs
  A neqoxec (D:1)
  10 vampire mosquitoes
  3 nagas (Zot:4)
  3 swamp worms (Gauntlet)
  14 water moccasins
  4 acid dragons
  9 hell hounds (Lair:5)
  A hydra simulacrum (D:15)
  16 orc warriors
  3 ice beasts
  A sky beast (D:7)
  13 black bears
  An ogre (shapeshifter) (D:14)
  3 small abominations (Depths:4)
  2 human zombies (Vaults:4)
  28 ogres
  6 centaurs
  38 wolves
  3 boggarts (Vaults:2)
  2 lemures
  4 kobold brigands
  A phantom (D:4)
  16 bullfrogs
  An earth elemental (Elf:2)
  3 scorpions
  2 gnoll sergeants
  22 wights
  5 killer bees (D:10)
  4 elephant simulacra (D:15)
  4 lindwurm simulacra (IceCv)
  5 electric eels
  4 howler monkeys
  9 komodo dragon simulacra (IceCv)
  4 hounds
  2 jellies
  15 orc priests
  A gnoll bouda (D:7)
  4 iguanas
  21 orc wizards
  3 sleepcaps
  2 hell rats
  Ijyb (D:4)
  13 gnolls
  3 acid dragon simulacra (IceCv)
  10 adders
  A shadow imp (D:8)
  A hell rat simulacrum (D:15)
  13 white imps
  5 steam dragon simulacra (IceCv)
  A ribbon worm (D:2)
  4 dart slugs
  53 orcs
  4 ball pythons
  9 endoplasms
  2 giant cockroaches
  7 goblins
  7 hobgoblins
  4 jackals
  4 quokkas
  7 bats
  8 frilled lizards
  23 kobolds
  2 rats
  4 tentacles (Shoals:3)
2136 creatures vanquished.

Vanquished Creatures (collateral kills)
  Frances (Shoals:2)
  An alligator (Lair:2)
  A centaur (D:9)
  A howler monkey (D:9)
  An orc wizard (D:9)
  An orc (D:9)
6 creatures vanquished.

Vanquished Creatures (others)
  A caustic shrike (Depths:3)
  2 Orb Guardians
  An eldritch tentacle (Zot:5)
  A tengu reaver (D:14)
  A fire giant (Zot:3)
  2 stone giants (Zot:3)
  A very ugly thing (Vaults:2)
  A white draconian (Depths:4)
  A purple draconian (Zot:1)
  A spark wasp (Spider:4)
  An ettin (Zot:3)
  2 merfolk javelineers (Shoals:4)
  A yaktaur captain (Vaults:2)
  A vault guard (Vaults:2)
  A hydra (D:15)
  An ogre mage (Orc:2)
  An ice dragon (Depths:2)
  A juggernaut simulacrum (Depths:4)
  A dancing weapon (Elf:1)
  A vampire mage (Depths:2)
  A demonic crawler (Spider:4)
  A pharaoh ant (Spider:3)
  2 deep elf archers (Elf:1)
  A phantasmal warrior (Depths:2)
  A deep elf pyromancer (Elf:1)
  A deep elf zephyrmancer (Elf:1)
  A manticore (Shoals:1)
  A harpy (Shoals:1)
  A wolf spider (Spider:3)
  A cyclops (D:12)
  An ugly thing (Vaults:1)
  2 moths of wrath
  2 black mambas
  A storm dragon simulacrum (Depths:4)
  A torpor snail (Spider:4)
  A rime drake (Lair:2)
  A tengu conjurer (Depths:2)
  A golden dragon simulacrum (Depths:4)
  A polar bear (Lair:1)
  A tengu simulacrum (Depths:4)
  A slime creature (D:12)
  An air elemental (Elf:1)
  3 water elementals
  A small abomination (Depths:4)
  A hog (D:15)
  A steam dragon (Lair:2)
  A redback (Spider:3)
  An ogre (Orc:2)
  A howler monkey (D:12)
  An orc priest (Orc:1)
  A white imp (Lair:3)
  An orc (Orc:2)
  2 tentacles (Shoals:3)
62 creatures vanquished.

Grand Total: 2204 creatures vanquished

Notes
Turn   | Place    | Note
-------+----------+-------------------------------------------
     0 | D:1      | AutarchDCSS the Minotaur Fighter began the quest for the
                  | Orb.
     0 | D:1      | Reached XP level 1. HP: 19/19 MP: 0/0
    97 | D:1      | Reached XP level 2. HP: 27/27 MP: 1/1
   230 | D:1      | Reached XP level 3. HP: 28/33 MP: 2/2
   960 | D:2      | Found Plog's Book Boutique.
  1120 | D:2      | Found Zeb Let's General Store.
  1161 | D:2      | Reached XP level 4. HP: 39/41 MP: 3/3
  1454 | D:2      | Found Naolow's Distillery.
  1487 | D:2      | Found Avue's Book Shop.
  1620 | D:3      | Reached skill level 5 in Axes
  1750 | D:3      | Reached skill level 5 in Fighting
  1750 | D:3      | Reached XP level 5. HP: 26/48 MP: 4/4
  2552 | D:4      | Noticed Ijyb
  2888 | D:2      | Bought a potion of heal wounds for 65 gold pieces
  2888 | D:2      | Bought a potion of might for 52 gold pieces
  2888 | D:2      | Bought a potion of curing for 39 gold pieces
  3004 | D:4      | Reached XP level 6. HP: 56/56 MP: 5/5
  3256 | D:4      | Killed Ijyb
  4069 | D:5      | Entered Level 5 of the Dungeon
  4264 | D:5      | Reached XP level 7. HP: 53/61 MP: 6/6
  4498 | D:5      | Found a sacrificial altar of Ru.
  4504 | D:5      | Became a worshipper of Ru the Awakened
  5570 | D:6      | Reached skill level 5 in Shields
  6232 | D:6      | Reached XP level 8. HP: 62/68 MP: 7/7
  6658 | D:6      | Found a staircase to the Ecumenical Temple.
  6669 | Temple   | Entered the Ecumenical Temple
  6680 | Temple   | Gained mutation: You cannot train Dodging skill. [Ru
                  | sacrifice]
  6680 | Temple   | Reached * piety under Ru
  6902 | D:7      | Reached skill level 10 in Shields
  7461 | D:7      | Reached XP level 9. HP: 71/75 MP: 8/8
  7612 | D:7      | Reached skill level 10 in Axes
  7987 | D:7      | Found a shadowy altar of Dithmenos.
  7987 | D:7      | Found a glowing golden altar of the Shining One.
  7988 | D:7      | Found an opulent altar of Gozag.
  8270 | D:7      | Reached skill level 1 in Evocations
  8403 | D:8      | Noticed Erica
  8582 | D:8      | Killed Erica
  8994 | D:8      | Noticed Pikel
  9193 | D:8      | Killed Pikel
  9194 | D:8      | Reached XP level 10. HP: 87/90 MP: 9/9
  9209 | D:8      | Found a staircase to the Lair.
  9437 | D:8      | Noticed an elephant
  9451 | D:8      | Killed an elephant
  9779 | D:8      | Noticed Maurice
  9804 | D:8      | Killed Maurice
  9805 | D:8      | Reached skill level 10 in Fighting
 10037 | D:8      | Found a shimmering altar of Xom.
 10294 | D:8      | Found a broken altar of Ashenzari.
 10297 | D:8      | Noticed Joseph
 10575 | D:8      | Killed Joseph
 10712 | D:9      | Noticed Maggie
 11174 | D:9      | Gained mutation: You have somewhat slow reflexes. (EV -5)
                  | [Ru sacrifice]
 11174 | D:9      | Reached ** piety under Ru
 11210 | D:9      | Reached skill level 5 in Armour
 11252 | D:8      | Killed Maggie
 11824 | D:9      | Found a snail-covered altar of Cheibriados.
 11851 | D:10     | Entered Level 10 of the Dungeon
 12006 | D:10     | Reached XP level 11. HP: 101/101 MP: 10/10
 12364 | D:10     | Found an ancient bone altar of Kikubaaqudgha.
 12379 | D:10     | Found a white marble altar of Elyvilon.
 12830 | D:11     | Found a gate leading to a gauntlet.
 12839 | Gauntlet | Entered a Gauntlet
 12839 | Gauntlet | Found a transporter.
 12839 | Gauntlet | Found a transporter.
 12846 | Gauntlet | Found a transporter.
 12850 | Gauntlet | Found a transporter.
 12859 | Gauntlet | Noticed a dire elephant
 12868 | Gauntlet | Found a transporter.
 12901 | Gauntlet | Found a transporter.
 12907 | Gauntlet | Found a transporter.
 12915 | Gauntlet | Found a transporter.
 12950 | Gauntlet | Found a transporter.
 12967 | Gauntlet | Found a transporter.
 12974 | Gauntlet | Noticed a catoblepas
 12981 | Gauntlet | Found a transporter.
 13023 | Gauntlet | Found a transporter.
 13343 | Gauntlet | Identified the +0 hat of the Peculiar Spines {Dex+3}
 13373 | Gauntlet | Identified the +8 long sword of Hepliaklqana's Regard
                  | {freeze, rC+ Int+6 Dex-2 SInv}
 13378 | Gauntlet | Identified the +0 cloak of Ravioli {^Contam rPois rC++}
 13593 | Gauntlet | Identified the +3 dagger "Beetle's Demise" {drain, *Corrode
                  | Int+6}
 13593 | Gauntlet | Noticed a minotaur
 13604 | Gauntlet | Killed a minotaur
 13895 | D:11     | Gained mutation: You are somewhat inexperienced. (-1 XL)
                  | [Ru sacrifice]
 13895 | D:11     | Reached XP level 10. HP: 94/94 MP: 9/9
 13895 | D:11     | Reached *** piety under Ru
 13895 | D:11     | Reached **** piety under Ru
 14121 | D:11     | Found the +8 trident of the Octopus King {venom, rElec
                  | rPois}
 14959 | Lair:1   | Entered Level 1 of the Lair of Beasts
 15104 | Lair:1   | Reached skill level 1 in Polearms
 15268 | Lair:1   | Reached skill level 5 in Polearms
 15908 | Lair:1   | Reached XP level 11. HP: 96/101 MP: 10/10
 15956 | Lair:1   | Gained mutation: You cannot voluntarily change form. [Ru
                  | sacrifice]
 16877 | Lair:2   | Reached skill level 10 in Polearms
 17431 | Lair:2   | Noticed an anaconda
 17444 | Lair:2   | Killed an anaconda
 18110 | Lair:2   | Noticed a five-headed hydra
 18136 | Lair:2   | Killed a five-headed hydra
 18623 | Lair:2   | Found a staircase to the Shoals.
 18687 | Lair:2   | Reached XP level 12. HP: 108/113 MP: 11/11
 19710 | Lair:3   | Found a frozen archway.
 19757 | IceCv    | Entered an ice cave
 20871 | IceCv    | Identified the staff of Wionuff Kefo {rF+ Dex+4 Stlth+
                  | Fire}
 20999 | IceCv    | Noticed a white draconian
 21031 | IceCv    | Killed a white draconian
 21263 | IceCv    | Identified the ring of Brawling {rC+ rN+ Dex+2}
 21512 | Lair:3   | Gained mutation: You are clumsy. (Dex -2) [Ru sacrifice]
 21512 | Lair:3   | Reached ***** piety under Ru
 21673 | Lair:3   | Found a hole to the Spider Nest.
 21903 | Lair:3   | Noticed Nergalle
 21921 | Lair:3   | Killed Nergalle
 22366 | Lair:3   | Reached skill level 1 in Throwing
 22623 | Lair:4   | Reached skill level 5 in Throwing
 22829 | Lair:4   | Got the Discursus on Soot
 22842 | Lair:4   | Identified the +2 robe "Waoth" {Rampage rC+ Will++ Str-2}
 23230 | Lair:4   | Noticed Snorg
 23245 | Lair:4   | Killed Snorg
 23347 | Lair:4   | Gained mutation: You cannot study or cast Fire magic. [Ru
                  | sacrifice]
 23347 | Lair:4   | Gained mutation: You cannot study or cast Hexes magic. [Ru
                  | sacrifice]
 23347 | Lair:4   | Gained mutation: You cannot study or cast Conjurations
                  | magic. [Ru sacrifice]
 23438 | Lair:5   | Entered Level 5 of the Lair of Beasts
 23996 | Lair:5   | Reached XP level 13. HP: 125/125 MP: 12/12
 24155 | Lair:5   | Found a viscous altar of Jiyva.
 24157 | Lair:5   | Found a staircase to the Slime Pits.
 24350 | Lair:5   | Found a white marble altar of Elyvilon.
 24778 | Lair:5   | Reached skill level 10 in Throwing
 25183 | Lair:5   | Gained mutation: You cannot be stealthy. [Ru sacrifice]
 25609 | Lair:5   | Reached skill level 15 in Fighting
 25609 | Lair:5   | Reached skill level 10 in Armour
 26713 | D:12     | Found Nougaj's Antique Armour Boutique.
 27152 | D:12     | Gained mutation: You are dopey. (Int -2) [Ru sacrifice]
 27152 | D:12     | Reached ****** piety under Ru
 27673 | D:12     | Reached XP level 14. HP: 112/135 MP: 13/13
 27983 | D:12     | Found a staircase to the Orcish Mines.
 28067 | D:12     | Got Sif Muna's Secrets of the Star-crossed Sarcophagus
 28185 | D:12     | Identified the +1 leather armour of the Iron City of Dis
                  | {-Cast rPois rC+++ Int-3}
 28236 | D:12     | Identified the +1 robe of the Evening {Str+6}
 28808 | D:12     | Identified the ring "Nelah" {Will+ Str+2 Dex+2 Slay-3
                  | Stlth+}
 29136 | Orc:1    | Entered Level 1 of the Orcish Mines
 29735 | Orc:2    | Entered Level 2 of the Orcish Mines
 29819 | Orc:2    | Noticed Erolcha
 29933 | Orc:2    | Killed Erolcha
 29934 | Orc:2    | Reached skill level 15 in Armour
 30435 | Orc:2    | Paralysed by an ogre mage for 3 turns
 31075 | Orc:2    | Found a staircase to the Elven Halls.
 31123 | Orc:2    | Found a roughly hewn altar of Beogh.
 31729 | Orc:2    | Found Feunout's Assorted Antiques.
 31729 | Orc:2    | Found Kygah's Jewellery Boutique.
 31730 | Orc:2    | Found Ymymn's Magic Scroll Shop.
 31730 | Orc:2    | Found Doaqouwa's Weapon Emporium.
 31760 | Orc:2    | Bought a smoking silver amulet for 150 gold pieces
 31760 | Orc:2    | Identified the amulet "Otrypot" {Reflect rN++ Int-2 SH+5}
                  | (You bought it in a shop on level 2 of the Orcish Mines)
 31763 | Orc:2    | Bought the amulet of Wulepeq {Acrobat rElec rF+ Int+2} for
                  | 552 gold pieces
 31777 | Orc:2    | Bought a scroll of identify for 26 gold pieces
 31780 | Orc:2    | Bought 2 potions of heal wounds for 300 gold pieces
 31780 | Orc:2    | Bought a scroll of enchant armour for 225 gold pieces
 31780 | Orc:2    | Bought a scroll of enchant armour for 225 gold pieces
 32788 | D:13     | Reached skill level 15 in Shields
 33230 | D:14     | Reached XP level 15. HP: 140/146 MP: 14/14
 33580 | D:14     | Found a gate to the Vaults.
 33672 | D:14     | Noticed a tengu reaver
 33686 | D:14     | Killed a tengu reaver
 33954 | D:15     | Entered Level 15 of the Dungeon
 34430 | D:15     | Found a staircase to the Depths.
 34600 | D:15     | Identified the +0 scale mail of the Kettle-Drum {rPois
                  | Will+ rCorr}
 34737 | D:15     | Noticed Kirke
 34858 | D:15     | Kirke changed into Kirke the hog
 34858 | D:15     | Noticed Kirke
 34860 | D:15     | Killed Kirke the hog
 36261 | Spider:1 | Entered Level 1 of the Spider Nest
 37028 | Spider:1 | Found a transporter.
 37028 | Spider:1 | Noticed Movesim's ghost (adept DjAE)
 37080 | Spider:1 | Found a transporter.
 37652 | Spider:1 | Noticed Jorgrun
 37663 | Spider:1 | Killed Jorgrun
 39069 | Spider:2 | Identified the serpent talisman "Taaple" {Str+3 Int-3
                  | Stlth+}
 39069 | Spider:2 | Noticed Aizul
 39090 | Spider:2 | Killed Aizul
 39091 | Spider:2 | Reached XP level 16. HP: 123/160 MP: 15/15
 40104 | Spider:4 | Entered Level 4 of the Spider Nest
 41256 | Spider:4 | Identified the +1 robe of Lerchelinn {*Corrode Int+3
                  | Slay+6}
 42858 | Spider:4 | Reached skill level 5 in Evocations
 43543 | Spider:4 | Got a gossamer rune of Zot
 44208 | D:12     | Bought an ichor-stained plate armour for 952 gold pieces
 44208 | D:12     | Identified the +0 plate armour of Titetwo {^Contam ^Drain
                  | rPois Dex+9} (You bought it in a shop on level 12 of the
                  | Dungeon)
 44210 | D:12     | Bought a jewelled chain mail for 323 gold pieces
 44210 | D:12     | Identified the +1 chain mail "Tiatycic" {Harm rPois} (You
                  | bought it in a shop on level 12 of the Dungeon)
 44349 | Shoals:1 | Entered Level 1 of the Shoals
 45016 | Shoals:1 | Identified the +10 morningstar "Qerphizoi" {spect, Str+4
                  | Int+2 SInv}
 46784 | Shoals:2 | Noticed Frances
 46794 | Shoals:2 | Killed Frances
 46795 | Shoals:2 | Reached XP level 17. HP: 156/170 MP: 16/16
 46968 | Shoals:2 | Identified the +8 falchion "Giant's Toothpick" {flame,
                  | rPois Dex+3}
 46987 | Shoals:2 | Noticed Nikola
 47003 | Shoals:2 | Killed Nikola
 47024 | Shoals:2 | Noticed Polyphemus
 47067 | Shoals:2 | HP: 1/150 [Polyphemus/large rock (16)]
 47579 | Shoals:2 | Killed Polyphemus
 47586 | Shoals:2 | Reached skill level 10 in Evocations
 47624 | Shoals:2 | Noticed Donald
 47651 | Shoals:2 | Killed Donald
 48226 | Shoals:2 | Noticed Louise
 48239 | Shoals:2 | Killed Louise
 49091 | Shoals:3 | Noticed Ilsuiw
 49107 | Shoals:3 | Noticed Mlioglotl
 49135 | Shoals:3 | Killed Mlioglotl
 50224 | Shoals:3 | Killed Ilsuiw
 50530 | Shoals:3 | Found Dyuto's Book Shoppe.
 51089 | Shoals:4 | Entered Level 4 of the Shoals
 51518 | Shoals:4 | Identified the +6 flail of a bailey {freeze, Str+3}
 52234 | Shoals:4 | Got an azure gem with 0 turns to spare
 52236 | Shoals:4 | Got a barnacled rune of Zot
 53158 | Elf:1    | Entered Level 1 of the Elven Halls
 53165 | Elf:1    | Found a transporter.
 53165 | Elf:1    | Noticed Biggs's ghost (journeyman FeSh)
 53167 | Elf:1    | Found a transporter.
 53250 | Elf:1    | Identified a scroll of acquirement
 53269 | Elf:1    | Found Cabenyr's Magic Scroll Boutique.
 53274 | Elf:1    | Found Mifriat's Magic Scroll Boutique.
 53400 | Elf:1    | Reached XP level 18. HP: 167/178 MP: 17/17
 53404 | Elf:1    | Paralysed by an air elemental for 1 turns
 53609 | Elf:1    | Paralysed by an air elemental for 1 turns
 53613 | Elf:1    | Paralysed by an air elemental for 1 turns
 53958 | Elf:1    | You fall into a shaft and drop 1 floor!
 54199 | Elf:2    | Found Jiss's Book Shoppe.
 54593 | Elf:2    | Paralysed by an air elemental for 1 turns
 54624 | Elf:2    | Found a runed translucent gate.
 54625 | Elf:2    | Found a runed translucent gate.
 54626 | Elf:2    | Found a runed translucent gate.
 54626 | Elf:2    | Noticed Umpaher's ghost (adept DsGl)
 54630 | Elf:2    | Found an iron altar of Okawaru.
 54713 | Elf:2    | Reached skill level 15 in Polearms
 54962 | Elf:2    | Found a runed translucent gate.
 54963 | Elf:2    | Found a runed translucent gate.
 54963 | Elf:2    | Found a runed translucent gate.
 55202 | Elf:2    | Got the Incunable of the Loofah
 55424 | Elf:2    | Noticed Agnes
 55433 | Elf:2    | Killed Agnes
 57068 | Elf:2    | Acquired 599 gold pieces
 57104 | Elf:1    | Bought a scroll of acquirement for 832 gold pieces
 57104 | Elf:1    | Acquired a manual of Armour
 57357 | Vaults:1 | Entered Level 1 of the Vaults
 58164 | Vaults:1 | Found Opur's Distillery.
 58172 | Vaults:1 | Bought a potion of haste for 190 gold pieces
 58172 | Vaults:1 | Bought a potion of heal wounds for 95 gold pieces
 58172 | Vaults:1 | Bought a potion of might for 76 gold pieces
 58172 | Vaults:1 | Bought 2 potions of heal wounds for 190 gold pieces
 58697 | Vaults:1 | Reached XP level 19. HP: 185/185 MP: 18/18
 59197 | Vaults:2 | Noticed a golden dragon
 59221 | Vaults:2 | Found a staircase to the Crypt.
 60687 | Vaults:2 | Noticed Asterion
 60696 | Vaults:2 | Killed Asterion
 60891 | Vaults:2 | Killed a golden dragon
 60932 | Vaults:2 | Found the +5 glaive of the Guard {elec, spectral}
 61015 | Vaults:2 | Acquired the +18 shield of the Gong {Loud rN+ Will+ rCorr
                  | EV-5}
 61015 | Vaults:2 | Found the +18 shield of the Gong {Loud rN+ Will+ rCorr
                  | EV-5}
 62733 | Vaults:3 | Identified the +2 robe "Binomaec" {rElec Will+ Regen+
                  | Int-2}
 62733 | Vaults:3 | Noticed Boris
 62759 | Vaults:3 | Killed Boris
 63085 | Vaults:3 | Noticed Norris
 63104 | Vaults:3 | Killed Norris
 63413 | Vaults:3 | Noticed Zenata
 63427 | Vaults:3 | Killed Zenata
 64186 | Vaults:4 | Reached XP level 20. HP: 193/193 MP: 19/19
 65831 | Vaults:4 | Noticed Jory
 65845 | Vaults:4 | Killed Jory
 66670 | Elf:1    | Bought a scroll of enchant weapon for 142 gold pieces
 66670 | Elf:1    | Bought a scroll of enchant armour for 142 gold pieces
 66707 | Elf:3    | Entered Level 3 of the Elven Halls
 66818 | Elf:3    | Identified the +9 mace of the Telling Seer {freeze, rCorr}
 68461 | Elf:3    | Identified the +3 kite shield of the Curupira {+Inv Regen+
                  | Int+2}
 69452 | Elf:3    | Reached skill level 15 in Throwing
 69756 | Elf:3    | Identified the +3 leather armour "Mokegeuj" {Will+ Str+5}
 70084 | Elf:3    | Identified the +1 chain mail "Ymouf" {rC+ SInv}
 70499 | Elf:3    | Identified the staff "Giggaj" {rF+ rN+ Int+2 Earth}
 70501 | Elf:3    | Identified the +6 great sword of Xuihutad {venom, rF+
                  | Will++ MP-9 SInv}
 70502 | Elf:3    | Identified the +6 short sword of Ashenzari, Hurling
                  | {freeze, Str+4}
 70558 | Elf:3    | Identified the ring of the Greedy {rPois rC+ Will+ Dex+4}
 71267 | Elf:3    | Got the Atlas of Igneous Substances
 71279 | Elf:3    | Got the Secrets of Blasphemous Rites and Kinetic Energy
 71810 | Depths:1 | Entered Level 1 of the Depths
 73288 | Depths:1 | Found Kugatho's Antique Weapon Boutique.
 73330 | Depths:1 | Found a one-way gateway to a ziggurat.
 73654 | Depths:1 | Reached XP level 21. HP: 185/205 MP: 20/20
 73704 | Depths:1 | Found a one-way gate leading to the halls of Pandemonium.
 73979 | Depths:1 | Found a gateway to Hell.
 74021 | Depths:1 | Found a hazy altar of Hepliaklqana.
 74482 | Depths:2 | Identified the +4 robe of Umexeeqi {rF++ Will+ Stlth-}
 74482 | Depths:2 | Noticed Boris
 74502 | Depths:2 | Killed Boris
 75173 | Depths:2 | Found a one-way gate to the infinite horrors of the Abyss.
 75968 | Depths:2 | Identified the +10 orcbow of Pirghola {freeze, ^Fragile
                  | rElec rPois rF+++}
 76650 | Depths:2 | Found a bloodstained altar of Trog.
 77184 | Depths:3 | Found a corrupted altar of Lugonu.
 79162 | Depths:3 | Identified the +0 leather armour of Teubucs {Rampage rF+
                  | Int-5 Slay+5}
 79168 | Depths:3 | Identified the +3 glaive "Xotwuampu" {holy, Int+5 Dex+3
                  | Stlth+}
 80772 | Depths:4 | Entered Level 4 of the Depths
 80798 | Depths:4 | Noticed a caustic shrike
 80798 | Depths:4 | Noticed a caustic shrike
 80799 | Depths:4 | Noticed a caustic shrike
 80813 | Depths:3 | Killed a caustic shrike
 81081 | Depths:3 | Killed a caustic shrike
 81090 | Depths:3 | Killed a caustic shrike
 81364 | Depths:4 | Found a runed translucent door.
 81367 | Depths:4 | Noticed GoblinFriend's ghost (veteran TeRe)
 81443 | Depths:4 | Identified the orb "Miade" {*channel, rElec Dex+2}
 81443 | Depths:4 | Noticed Frederick
 81639 | Depths:4 | Killed Frederick
 82083 | Depths:4 | Identified the staff "Beastslayer" {rC+ Dex+4 Ice}
 82083 | Depths:4 | Identified the ring of Onaczen {Ice *Corrode rPois Dex+4
                  | Slay+3}
 82083 | Depths:4 | Noticed Josephina
 83100 | Depths:4 | Killed Josephina
 83456 | Depths:4 | Noticed an ancient lich
 83482 | Depths:4 | Killed an ancient lich
 83483 | Depths:4 | Reached XP level 22. HP: 93/210 MP: 21/21
 84748 | Depths:3 | Gained mutation: You are frail. (-10% HP) [mutagenic glow]
 85985 | Depths:4 | Reached skill level 27 in Fighting
 86858 | Depths:4 | Found a gate to the Realm of Zot.
 88753 | Slime:1  | Entered Level 1 of the Pits of Slime
 89388 | Slime:2  | Noticed Dissolution
 89391 | Slime:1  | Gained mutation: You occasionally lose the ability to drink
                  | potions when taking damage. [a shining eye]
 89392 | Slime:1  | Gained mutation: Your magical capacity is low. (-10% MP) [a
                  | shining eye]
 89401 | Slime:1  | Gained mutation: You occasionally lose the ability to read
                  | scrolls when taking damage. [a shining eye]
 89403 | Slime:1  | Killed Dissolution
 90253 | Slime:3  | Lost mutation: Your magical capacity is low. (-10% MP)
                  | [potion of mutation]
 90253 | Slime:3  | Lost mutation: You occasionally lose the ability to read
                  | scrolls when taking damage. [potion of mutation]
 90253 | Slime:3  | Lost mutation: You occasionally lose the ability to drink
                  | potions when taking damage. [potion of mutation]
 90253 | Slime:3  | Gained mutation: Your natural rate of healing is unusually
                  | fast. [potion of mutation]
 90472 | Slime:5  | Entered Level 5 of the Pits of Slime
 91361 | Slime:5  | Found the +8 demon trident "Rift" {distort, reach+}
 92431 | Slime:5  | Noticed the Royal Jelly
 92440 | Slime:5  | Killed the Royal Jelly
 92496 | Slime:5  | Reached skill level 27 in Armour
 92832 | Slime:5  | Identified the +1 scale mail "Zaadwar" {rPois rN++ Slay-4}
 92833 | Slime:5  | Identified the ring "Riwepuor" {+Blink rElec rCorr SInv}
 93161 | Slime:5  | Identified the ring "Foireces" {Fly MP+9 Int+2}
 93232 | Slime:5  | Got a slimy rune of Zot
 93945 | Zig:1    | Entered Level 1 of a ziggurat
 93965 | Zig:2    | Entered Level 2 of a ziggurat
 94092 | Zig:3    | Entered Level 3 of a ziggurat
 94123 | Zig:3    | Reached XP level 23. HP: 74/212 MP: 8/22
 94823 | Zot:1    | Entered Level 1 of the Realm of Zot
 95141 | Orc:2    | Bought a scroll of revelation for 97 gold pieces
 95141 | Orc:2    | Bought a scroll of teleportation for 39 gold pieces
 95141 | Orc:2    | Bought a scroll of fear for 52 gold pieces
 95144 | Orc:2    | Bought a potion of curing for 90 gold pieces
 95243 | Elf:1    | Bought a scroll of blinking for 142 gold pieces
 95243 | Elf:1    | Bought 3 scrolls of fog for 228 gold pieces
 95247 | Elf:1    | Bought a scroll of teleportation for 48 gold pieces
 95247 | Elf:1    | Bought a scroll of butterflies for 64 gold pieces
 95247 | Elf:1    | Bought a scroll of teleportation for 48 gold pieces
 95582 | Zot:1    | Identified the +0 robe of Serendipity {rElec rC+ Int+3}
 97454 | Zot:2    | Noticed a Killer Klown
 97467 | Zot:2    | Banished a Killer Klown
 98478 | Zot:2    | Identified the +3 plate armour "Qibbeupa" {^Drain Dex+2
                  | Stlth+}
 98483 | Zot:2    | Got the Compendium of Assistive Ice
 99016 | Zot:3    | Found a transporter.
 99022 | Zot:3    | Found a transporter.
 99024 | Zot:3    | Found a transporter.
 99160 | Zot:3    | Found a transporter.
100146 | Zot:3    | Found a runed translucent door.
100146 | Zot:3    | Noticed Civybe Ogenn's ghost (legendary DsFi)
102362 | Zot:4    | Reached XP level 24. HP: 211/224 MP: 22/22
102618 | Zot:4    | Identified the staff "Orueq" {rN+ Dex+3 Necro}
102886 | Zot:5    | Entered Level 5 of the Realm of Zot
102925 | Zot:5    | Noticed an orb of fire
102939 | Zot:5    | Banished an orb of fire
105949 | Zot:5    | Noticed an orb of fire
105952 | Zot:5    | Gained mutation: You have hidden genetic defects. [an orb
                  | of fire]
105962 | Zot:5    | Gained mutation: You are vulnerable to heat. (rF-) [an orb
                  | of fire]
105974 | Zot:5    | Killed an orb of fire
106607 | Zot:5    | Noticed an orb of fire
106625 | Zot:5    | Gained mutation: You are weak. (Str -2) [an orb of fire]
106628 | Zot:5    | Gained mutation: Armour fits poorly on your strangely
                  | shaped body. [an orb of fire]
106631 | Zot:5    | Gained mutation: You are very dopey. (Int -4) [an orb of
                  | fire]
106639 | Zot:5    | Killed an orb of fire
106745 | Zot:5    | Lost mutation: You are very dopey. (Int -4) [potion of
                  | mutation]
106745 | Zot:5    | Lost mutation: Armour fits poorly on your strangely shaped
                  | body. [potion of mutation]
106745 | Zot:5    | Lost mutation: You are vulnerable to heat. (rF-) [potion of
                  | mutation]
106745 | Zot:5    | Gained mutation: Your flesh is cold resistant. (rC+)
                  | [potion of mutation]
106745 | Zot:5    | Gained mutation: Your spells are a little harder to cast,
                  | but a little more powerful. [potion of mutation]
106745 | Zot:5    | Lost mutation: You have hidden genetic defects. [potion of
                  | mutation]
107196 | Zot:5    | Noticed an orb of fire
107214 | Zot:5    | Banished an orb of fire
107353 | Zot:5    | Noticed a Killer Klown
107377 | Zot:5    | Killed a Killer Klown
107734 | Zot:5    | Noticed an ancient lich
107740 | Zot:5    | Noticed a dread lich
107748 | Zot:5    | Noticed a dread lich
107754 | Zot:5    | Banished an ancient lich
107783 | Zot:5    | Killed a dread lich
107793 | Zot:5    | Killed a dread lich
107794 | Zot:5    | Reached skill level 27 in Polearms
108020 | Zot:5    | Noticed a Killer Klown
108210 | Zot:5    | Noticed an orb of fire
108223 | Zot:5    | Killed an orb of fire
108248 | Zot:5    | Killed a Killer Klown
108692 | Zot:5    | Noticed an orb of fire
108698 | Zot:5    | Gained mutation: Your body sometimes deteriorates upon
                  | taking damage. [an orb of fire]
108707 | Zot:5    | Banished an orb of fire
108984 | Zot:5    | Noticed an orb of fire
108996 | Zot:5    | Killed an orb of fire
109823 | Zot:5    | Noticed an ancient lich
109832 | Zot:5    | Killed an ancient lich
109843 | Zot:5    | Gained mutation: You occasionally shout uncontrollably at
                  | your foes. [mutagenic glow]
109862 | Zot:5    | Lost mutation: Your spells are a little harder to cast, but
                  | a little more powerful. [mutagenic glow]
110190 | Zot:5    | Noticed an orb of fire
110232 | Zot:5    | Gained mutation: You are strong-willed. (Will+) [an orb of
                  | fire]
110234 | Zot:5    | Banished an orb of fire
110768 | Zot:5    | Noticed an orb of fire
110771 | Zot:5    | Banished an orb of fire
111184 | Zot:5    | Got the Orb of Zot
111364 | Zot:1    | Identified the +4 robe of Honesty {rF+ Archmagi}
111364 | Zot:1    | Noticed Boris
111372 | Zot:1    | Killed Boris
111825 | D:$      | Escaped with the Orb!

Illustrated notes

Levels and vault maps discovered:
D:1:      sevenhm_arrival_forest_fort_large_4, layout_loops_cross
D:2:      layout_loops_ring, serial_shops, nicolae_shop_behind_doors,
          nicolae_shop_tiny_real_fake_doors, shop, shop, minmay_lizard_pond
D:3:      layout_basic
D:4:      layout_loops_corners, kennysheep_small_spiral, uniq_ijyb
D:5:      layout_basic, nicolae_ru_the_path_less_chosen
D:6:      layout_gridville, minmay_temple_entry_poolview, minmay_misc_feat_cross
D:7:      corexii_shack_village, layout_basic, gammafunk_temple_overflow_claw,
          chequers_serial_rivers_large_b, st_stairs_4
D:8:      layout_basic, mainiacjoe_overflow_six_doors_small,
          ashenzari_conservatory_becter, david_lair_generic, uniq_pikel,
          uniq_maurice, uniq_erica, uniq_joseph
D:9:      layout_gridville, mainiacjoe_overflow_alcove_1,
          hangedman_decor_diamond_cutter, uniq_maggie
D:10:     layout_rooms, jmf_multi_god_temple2
D:11:     layout_stronghold, gauntlet_entry_generic
D:12:     minmay_spiral_squares, layout_basic, david_orc_4, serial_shops,
          nicolae_shop_behind_doors, serial_rivers,
          chequers_serial_rivers_micro_a, chequers_serial_rivers_micro_a,
          chequers_serial_rivers_micro_a, chequers_serial_rivers_marsh,
          chequers_serial_rivers_small_3, chequers_serial_rivers_micro_b
D:13:     layout_gridville
D:14:     layout_loops_ring, hellmonk_vaults_attempted_burglary,
          infiniplex_staircase_spiral_double, minmay_three_doors
D:15:     gammafunk_depths_entry_grave, layout_small_grid,
          minmay_misc_feat_five, eino_house_with_fridge, uniq_kirke
Temple:   nicolae_temple_figure_eight
Lair:1:   layout_regular_city, cheibrodos_lair_caveside_slide,
          infiniplex_staircase_pool
Lair:2:   nzn_winding_woodlands_small
          [nzn_winding_woodlands_5x15_pathside_ponds,
          nzn_winding_woodlands_center_garden,
          nzn_winding_woodlands_5x15_crooked], layout_regular_city,
          mainiacjoe_shoals_entry_four_pools, nicolae_lair_lakeside_cave
Lair:3:   layout_small_grid, hellmonk_spider_entry_life_and_decay,
          portal_ice_cave_entry_imps, grunt_megastairs_3, uniq_nergalle
Lair:4:   layout_gridlike, beast_lair_carwin_10, uniq_snorg
Lair:5:   hangedman_lair_caniforms_friends, layout_cave_pods,
          dpeg_slime_entry_corner, basic_altar
Shoals:1: cheibrodos_shoals_three_sisters, layout_shoals,
          nicolae_shoals_mertower
Shoals:2: layout_shoals, uniq_frances, uniq_polyphemus, uniq_donald,
          uniq_louise, uniq_nikola
Shoals:3: layout_shoals, serial_shops, nicolae_take_the_stairs, uniq_ilsuiw,
          uniq_mlioglotl
Shoals:4: shoals_end_grunt_ice, layout_shoals
Spider:1: layout_cave_pods, gammafunk_ghost_arena, uniq_jorgrun
Spider:2: layout_spider_delve, uniq_aizul
Spider:3: layout_spider_delve, hellmonk_deceptive_appearances
Spider:4: guppyfry_spider_rune
Slime:1:  layout_caves
Slime:2:  layout_caves, uniq_dissolution
Slime:3:  layout_caves
Slime:4:  layout_caves, nicolae_slime_getting_an_eyeful
Slime:5:  slime_pit_nicolae_inversion
Orc:1:    layout_caves, nicolae_orc_stony_grotto, nicolae_orc_stalacmites
Orc:2:    st_orc_ogre_mass, layout_diamond_mine, enter_volcano_1,
          lemuel_statue_altar, nicolae_orc_bridge_out, nicolae_orc_damp_corner,
          uniq_erolcha
Elf:1:    layout_gridlike, gammafunk_ghost_arena,
          hangedman_elven_crosses_minicolossus, minmay_shop_star
Elf:2:    nicolae_elf_blades_crystal_corner, layout_loops_corners,
          gammafunk_ghost_fury_of_okawaru, serial_shops, shop, minmay_librarian,
          uniq_agnes
Elf:3:    minmay_elf_hall_x, layout_geoelf_grid, st_stairs_13
Vaults:1: nicolae_vaults_door_testing_chamber, v_misc_19,
          nicolae_vaults_trapezoid_1, nicolae_vaults_stepped_doors,
          nicolae_vaults_storage_room_water, ontoclasm_vaults_loading_screen,
          vaults_mumra_chevron, nicolae_vaults_sesquioval_fish, minmay_orc_keep,
          v_misc_28, hangedman_vaults_restitches, nicolae_vaults_diamond_1,
          nicolae_vaults_shelves_hall, ontoclasm_vaults_pinch,
          layout_vaults_ring, serial_shops, shop
Vaults:2: v_pattern_2, nicolae_vaults_mini_display_case,
          minmay_crypt_entry_simple_corners, v_misc_12,
          minmay_guarded_unrand_guard, ontoclasm_vaults_tryst,
          nicolae_vaults_tetromino_L_1, nicolae_vaults_shelves_hall, v_misc_13,
          vaults_room_grunt_arrival_ludios, ontoclasm_vaults_fault,
          vaults_room_pool, layout_vaults_omnigrid, uniq_asterion
Vaults:3: st_eye, v_alt_pattern_6, vaults_room_hallway, v_misc_16,
          nicolae_vaults_storage_closets_2, nicolae_vaults_tetromino_T_1,
          hangedman_vaults_stretched_pinwheel, nicolae_vaults_oval_intersection,
          nicolae_vaults_shrinking_rooms_1, grunt_vaults_funnel,
          nicolae_vaults_house_1, nicolae_vaults_tetromino_L_1,
          ontoclasm_vaults_chip, ontoclasm_vaults_twist,
          hangedman_vaults_impose, vaults_room_hallway, layout_vaults_omnicross,
          uniq_zenata, uniq_boris, uniq_norris
Vaults:4: vaults_mumra_bighexcomb, vaults_dpeg_encased_lava,
          nicolae_vaults_what_the_h, nicolae_vaults_tetromino_Z_2,
          hangedman_vaults_nodes, nicolae_vaults_variable_pillar_hall_cross,
          hangedman_vaults_corner_blocks, ontoclasm_vaults_eye, v_misc_16,
          nicolae_vaults_octothorpe, hangedman_vaults_snaps,
          nicolae_vaults_little_squares_6, nicolae_vaults_ring_of_whatevers,
          layout_vaults_chaotic_city, uniq_jory
Depths:1: layout_gridlike, enter_ziggurat_a, chequers_jeans, serial_shops,
          nicolae_shop_back_alley_shop, hell_entry, grunt_pan_entry_sceptre,
          nzn_hepliaklqana_mist_gate, grunt_megastairs_5
Depths:2: minmay_thinvault, layout_honeycomb, trog_three_pillars_becter,
          abyss_entry_crystal, lightli_too_deep, rand_demon_pan_entry_9
Depths:3: minmay_glassy_protrusions, layout_cave_pools, rand_demon_pan_entry_4,
          abyss_entry_flame_altar, hell_entry, serial_sigils_hangedman_carve,
          minivault_16
Depths:4: lemuel_castle_with_subvaults [lemuel_castle_interior_carwin_2],
          layout_cave_pools, minmay_room_of_horrors, special_room
          [special_room_morgue], hellmonk_ghost_happy_afterlife, hell_entry,
          mu_enter_wizlab_6, uniq_frederick, uniq_josephina
Zot:1:    layout_cellular_growth
Zot:2:    gammafunk_mikee_crab_dinner, layout_misc_corridors
Zot:3:    lemuel_halls_of_wrath, layout_gridlike, gammafunk_ghost_grave,
          nicolae_diode_quadrants
Zot:4:    layout_cathedral_of_symmetry, hangedman_swamp_dais
Zot:5:    layout_gridlike, grunt_ministairs_13

Skill      XL: |  1  2  3  4  5  6  7  8  9 10 11 12 13 14 15 16 17 18 19 20 21 22 23 24 |
---------------+-------------------------------------------------------------------------+-----
Axes           | 3 4 5 6 8 9 11 12 14 | 14.7
Fighting       | 4 5 6 8 10 12 14 15 16 19 20 21 25 27 | 27.0
Shields        | 7 10 12 13 15 18 20 22 25 | 25.1
Evocations     | 4 8 10 | 10.0
Armour         | 6 8 13 16 18 23 27 | 27.0
Polearms       | 7 10 12 17 18 19 24 27 | 27.0
Throwing       | 7 10 15 | 15.0

Action                     |  1- 3 |  4- 6 |  7- 9 | 10-12 | 13-15 | 16-18 | 19-21 | 22-24 || total
---------------------------+-------+-------+-------+-------+-------+-------+-------+-------++-------
  Melee: War axe           |    61 |    30 |    69 |   248 |       |       |       |       ||   408
         Headbutt          |     7 |    12 |    54 |   221 |   497 |   385 |   517 |   409 ||  2102
         Hand axe          |       |    72 |    36 |       |       |       |       |       ||   108
         Spear             |       |       |    92 |    39 |       |       |       |       ||   131
         Flail             |       |       |    45 |       |       |       |       |       ||    45
         Trident           |       |       |       |   843 |  1999 |   697 |       |       ||  3539
         Unarmed           |       |       |       |       |     5 |       |       |       ||     5
         Demon trident     |       |       |       |       |       |  1445 |  2123 |  1937 ||  5505
   Fire: Sling             |    55 |   119 |    13 |       |       |       |       |       ||   187
  Throw: Boomerang         |       |       |     6 |       |       |       |    62 |     4 ||    72
         Dart              |       |       |     2 |       |       |       |       |       ||     2
         Javelin           |       |       |       |       |       |     1 |       |    21 ||    22
 Invoke: Sacrifice Nimblen |       |       |     1 |       |       |       |       |       ||     1
         Sacrifice Health  |       |       |       |     1 |       |       |       |       ||     1
         Sacrifice Experie |       |       |       |     1 |       |       |       |       ||     1
         Sacrifice Forms   |       |       |       |     1 |       |       |       |       ||     1
         Reject Sacrifices |       |       |       |     1 |       |       |       |       ||     1
         Draw Out Power    |       |       |       |     1 |     1 |     1 |       |       ||     3
         Sacrifice Purity  |       |       |       |     1 |     1 |       |       |       ||     2
         Sacrifice Arcana  |       |       |       |     1 |       |       |       |       ||     1
         Sacrifice Stealth |       |       |       |       |     1 |       |       |       ||     1
         Apocalypse        |       |       |       |       |     1 |     2 |     3 |     2 ||     8
         Power Leap        |       |       |       |       |       |     1 |     1 |     1 ||     3
Ability: Evoke Blink       |       |       |       |       |       |       |       |     1 ||     1
  Evoke: Wand              |       |       |    10 |    12 |       |     1 |       |     7 ||    30
         Sack of spiders   |       |       |       |       |       |     2 |       |       ||     2
         Lightning rod     |       |       |       |       |       |     6 |     5 |       ||    11
    Use: Potion            |       |     1 |     4 |     4 |     1 |     3 |     2 |    11 ||    26
         Scroll            |       |     2 |     8 |    22 |     8 |    19 |    10 |    20 ||    89
   Stab: Distracted        |       |       |     1 |     2 |     7 |     8 |     6 |     2 ||    26
         Invisible         |       |       |       |     5 |     6 |     7 |     8 |     2 ||    28
         Paralysed         |       |       |       |       |    16 |    16 |     1 |    15 ||    48
         Confused          |       |       |       |       |       |       |     1 |       ||     1
 Armour: Scale mail        |    44 |   122 |    12 |       |       |       |       |       ||   178
         Chain mail        |       |       |   122 |   499 |   573 |   261 |       |       ||  1455
         Skin              |       |       |     4 |       |     5 |       |       |       ||     9
         Plate armour      |       |       |       |    20 |       |   383 |   769 |    79 ||  1251
         Gold dragon scale |       |       |       |       |       |       |       |   513 ||   513
  Dodge: Dodged            |    36 |    62 |    54 |    74 |   162 |   162 |   106 |    61 ||   717
  Block: Buckler           |    14 |    29 |    42 |     7 |       |       |       |       ||    92
         Tower shield      |       |       |    11 |   803 |  1268 |  1727 |  1678 |   917 ||  6404

Table legend: (Time is in decaauts)
 A = Elapsed time spent in this place.
 B = Non-inter-level travel time spent in this place.
 C = Inter-level travel time spent in this place.
 D = Time resting spent in this place.
 E = Time spent auto-exploring this place.
 F = Levels seen in this place.
 G = Mean time per level.
                   A        B        C        D        E       F      G
               +--------+--------+--------+--------+--------+-----+--------+
         Total | 110657 | 100089 |  10568 |  46715 |  36844 |  57 | 1941.4 |
       Dungeon |  24248 |  20220 |   4028 |   5844 |  10681 |  15 | 1616.5 |
        Temple |     12 |     11 |      1 |      0 |      0 |   1 |   12.0 |
          Lair |  11186 |   9919 |   1267 |   3797 |   4540 |   5 | 2237.2 |
        Shoals |   8724 |   7932 |    792 |   3232 |   3384 |   4 | 2181.0 |
   Spider Nest |   7000 |   6744 |    256 |   3252 |   2372 |   4 | 1750.0 |
    Slime Pits |   4642 |   4531 |    111 |   3113 |    842 |   5 |  928.4 |
  Orcish Mines |   3419 |   2836 |    583 |   1152 |   1225 |   2 | 1709.5 |
   Elven Halls |   9364 |   8577 |    787 |   4736 |   2306 |   3 | 3121.3 |
        Vaults |   9227 |   8358 |    869 |   2073 |   4949 |   4 | 2306.8 |
        Depths |  15164 |  14207 |    957 |   8552 |   3738 |   4 | 3791.0 |
           Zot |  14577 |  13663 |    914 |   8765 |   2673 |   5 | 2915.4 |
      Ziggurat |    584 |    584 |      0 |    498 |      0 |   3 |  194.7 |
      Ice Cave |   1591 |   1591 |      0 |   1163 |    131 |   1 | 1591.0 |
      Gauntlet |    913 |    913 |      0 |    534 |      0 |   1 |  913.0 |
               +--------+--------+--------+--------+--------+-----+--------+

Top non-repeatable levels by time:
   Zot:5: 7026 daAuts
Depths:3: 4940 daAuts
Depths:2: 4339 daAuts
   Elf:3: 3641 daAuts
   Elf:2: 3516 daAuts
    D:12: 3381 daAuts
  Lair:2: 3267 daAuts
Depths:4: 3052 daAuts
     D:8: 2947 daAuts
 Slime:5: 2946 daAuts
Shoals:2: 2908 daAuts
Depths:1: 2832 daAuts
    D:15: 2748 daAuts
Vaults:2: 2645 daAuts
Shoals:1: 2592 daAuts
